 Dungeon Crawl Stone Soup version 0.27-a0-1154-gfdeffcb720 (webtiles) character file.

Game seed: 16135051623992177923

364 wakim the Sneak (level 7, 0/41 HPs)
             Began as a Kobold Brigand on May 14, 2021.
             Slain by an orc warrior
             ... wielding a +0 mace
              (17 damage)
             ... on level 3 of the Dungeon.
             The game lasted 00:14:44 (4207 turns).

wakim the Sneak (Kobold Brigand)                    Turns: 4207, Time: 00:14:45

Health: 0/41       AC:  5    Str: 14    XL:     7   Next: 0%
Magic:  7/7        EV: 16    Int: 13    God:
Gold:   159        SH:  5    Dex: 18    Spells: 6/6 levels left

rFire    . . .     SeeInvis .   a - +3 dagger
rCold    . . .     Faith    .   (shield restricted)
rNeg     . . .     Spirit   .   h - +0 leather armour
rPois    +         Reflect  +   m - +1 hat
rElec    .         Harm     .   c - +0 cloak
rCorr    .         Rampage  .   (no gloves)
Will     .....                  (no boots)
Stlth    ++++......             f - amulet of reflection
HPRegen  0.13/turn              i - ring of poison resistance
MPRegen  0.10/turn              l - +6 ring of strength

@: no status effects
A: small, no large weapons, nightstalker 3
a: no special abilities


You were on level 3 of the Dungeon.
You visited 1 branch of the dungeon, and saw 4 of its levels.

You collected 159 gold pieces.

Inventory:

Hand Weapons
 a - a +3 dagger (weapon)
 b - a +1 short sword of holy wrath
 o - a +0 mace
Missiles
 d - 6 poisoned darts (quivered)
Armour
 c - a +0 cloak (worn)
 h - a +0 leather armour (worn)
 m - a +1 hat (worn)
Jewellery
 f - an amulet of reflection (around neck)
 i - a ring of poison resistance (left hand)
 l - a +6 ring of strength (right hand)
Wands
 v - a wand of flame (9)
Potions
 g - a potion of heal wounds {unknown}
 j - a potion of resistance {unknown}
 k - a potion of magic {unknown}
 A - a potion of ambrosia
 D - 2 potions of brilliance


   Skills:
 - Level 3.1 Fighting
 * Level 5.9 Short Blades
 - Level 2.1 Throwing
 * Level 4.4 Dodging
 + Level 6.8 Stealth


You had 6 spell levels left.
You didn't know any spells.
Your spell library contained the following spells:

 Spells                   Type           Power      Damage    Failure   Level
 Animate Skeleton         Necr           0%         N/A       36%         1
 Apportation              Tloc           0%         N/A       36%         1
 Corona                   Hex            0%         N/A       36%         1
 Summon Small Mammal      Summ           0%         N/A       36%         1


Dungeon Overview and Level Annotations

Branches:
Dungeon (4/15)
 Temple: D:4-7

Altars:
Fedhas

Annotations:
D:3 Edmund
D:4 Ijyb


Innate Abilities, Weirdness & Mutations

You are small and have problems with some larger weapons.
You are completely attuned to the shadows.


Message History

The orc warrior is poisoned.
The orc warrior is lightly wounded.
The orc warrior closely misses you.
Throw: 11 darts (poison)
Press: ? - help, Q - select action, (/) - cycle Shift-Dir - straight line, f/p - orc warrior
Aim: an orc warrior, wielding a +0 mace and wearing a +0 chain mail (lightly wounded, poisoned, 60% to hit)
You throw a poisoned dart.
The poisoned dart closely misses the orc warrior.
The orc warrior hits you with a +0 mace!
* * * LOW HITPOINT WARNING * * *
Throw: 10 darts (poison)
Press: ? - help, Q - select action, (/) - cycle Shift-Dir - straight line, f/p - orc warrior
Aim: an orc warrior, wielding a +0 mace and wearing a +0 chain mail (lightly wounded, poisoned, 60% to hit)
You throw a poisoned dart. The poisoned dart hits the orc warrior.
The orc warrior looks even sicker.
The orc warrior is lightly wounded.
You block the orc warrior's attack.
Unknown command.
Throw: 9 darts (poison)
Press: ? - help, Q - select action, (/) - cycle Shift-Dir - straight line, f/p - orc warrior
Aim: an orc warrior, wielding a +0 mace and wearing a +0 chain mail (moderately wounded, very poisoned, 60% to hit)
You throw a poisoned dart. The poisoned dart hits the orc warrior.
The orc warrior looks even sicker.
The orc warrior is moderately wounded.
The orc warrior completely misses you.
Unknown command.
Throw: 8 darts (poison)
Press: ? - help, Q - select action, (/) - cycle Shift-Dir - straight line, f/p - orc warrior
Aim: an orc warrior, wielding a +0 mace and wearing a +0 chain mail (moderately wounded, very poisoned, 60% to hit)
You throw a poisoned dart.
The poisoned dart barely misses the orc warrior.
The orc warrior barely misses you.
Unknown command.
Throw: 7 darts (poison)
Press: ? - help, Q - select action, (/) - cycle Shift-Dir - straight line, f/p - orc warrior
Aim: an orc warrior, wielding a +0 mace and wearing a +0 chain mail (moderately wounded, very poisoned, 60% to hit)
You throw a poisoned dart.
The poisoned dart barely misses the orc warrior.
The orc warrior hits you with a +0 mace!
You die...

.#....#.#.#.# #.#
.####.#.#.#.# #.#
........#)#.# #.#
..###.###.#.# #.#
#.###.# #.#.# #.#
......# #.#.# #.#
#.##### #.#.# #.#
#.# #.#.## #.# #.#
#.#..# #@#
#.#######.##.# #o#
.@......#.##.# #.#
....>...#.##.# #(#
#.#######.##.###[#
..........##.#.>.#
.###########.#.###
.#...........#.#
.#.####.#.####.#


You could see an orc warrior (very poisoned).

Vanquished Creatures
  A jelly (D:4)
  An orc priest (D:4)
  Terence (D:3)
  3 iguanas
  An orc wizard (D:3)
  3 gnolls (D:3)
  5 adders
  An ufetubus (D:4)
  A worm (D:2)
  4 orcs
  8 endoplasms
  3 giant cockroaches
  4 goblins
  10 hobgoblins
  5 jackals
  11 kobolds
  3 quokkas
  6 ball pythons
  7 bats
  8 frilled lizards
  6 rats
92 creatures vanquished.

Notes
Turn   | Place    | Note
-------+----------+-------------------------------------------
     0 | D:1      | wakim the Kobold Brigand began the quest for the Orb.
     0 | D:1      | Reached XP level 1. HP: 12/12 MP: 1/1
    94 | D:1      | Reached XP level 2. HP: 17/18 MP: 2/2
   715 | D:1      | Reached XP level 3. HP: 22/22 MP: 3/3
  1310 | D:2      | Reached XP level 4. HP: 27/27 MP: 4/4
  1989 | D:3      | Reached skill level 6 in Stealth
  1992 | D:3      | Reached XP level 5. HP: 32/32 MP: 5/5
  2301 | D:3      | Found a faded altar of an unknown god.
  2501 | D:3      | Noticed Terence
  2518 | D:3      | Killed Terence
  2519 | D:3      | Reached skill level 5 in Short Blades
  2519 | D:3      | Reached XP level 6. HP: 29/37 MP: 6/6
  3893 | D:4      | Found a blossoming altar of Fedhas.
  3917 | D:4      | Noticed Edmund
  3936 | D:4      | Noticed Ijyb
  4156 | D:4      | Noticed an orc warrior
  4159 | D:4      | Reached XP level 7. HP: 39/41 MP: 7/7
  4207 | D:3      | Slain by an orc warrior

Illustrated notes

Levels and vault maps discovered:
D:1:      minmay_arrival_diagonal_passages, layout_basic
D:2:      layout_loops_ring, serial_glass, glass_columns_b, glass_columns_a,
          minmay_quantized
D:3:      layout_basic, hellmonk_ecumenical_altar_zigzags, uniq_terence
D:4:      layout_loops_cross, fedhas_altar_2, lemuel_doored_altar, uniq_edmund,
          uniq_ijyb, uniq_crazy_yiuf_cottage

Skill      XL: |  1  2  3  4  5  6 |
---------------+-------------------+-----
Short Blades   | 3 4 5 |  5.9
Dodging        | 2 3 4 |  4.4
Fighting       | 3 |  3.1
Stealth        | 6 |  6.8
Throwing       | |  2.1

Action                   |  1- 3 |  4- 6 |  7- 9 || total
-------------------------+-------+-------+-------++-------
Melee: Dagger            |    61 |   184 |     1 ||   246
Throw: Dart              |       |     3 |     6 ||     9
Evoke: Wand              |       |    11 |     1 ||    12
  Use: Scroll            |     4 |     7 |       ||    11
 Stab: Sleeping          |    10 |    28 |     1 ||    39
       Distracted        |       |     1 |       ||     1
Armor: Robe              |     3 |       |       ||     3
       Leather armour    |     3 |    18 |       ||    21
Dodge: Dodged            |    24 |    64 |     8 ||    96
Block: Other             |     8 |    25 |     2 ||    35
       Reflection        |     1 |       |       ||     1

Table legend: (Time is in decaauts)
 A = Elapsed time spent in this place.
 B = Non-inter-level travel time spent in this place.
 C = Inter-level travel time spent in this place.
 D = Time resting spent in this place.
 E = Time spent auto-exploring this place.
 F = Levels seen in this place.
 G = Mean time per level.
                   A        B        C        D        E       F      G
               +--------+--------+--------+--------+--------+-----+--------+
         Total |   4153 |   3999 |    154 |    444 |   2758 |   4 | 1038.2 |
       Dungeon |   4153 |   3999 |    154 |    444 |   2758 |   4 | 1038.2 |
               +--------+--------+--------+--------+--------+-----+--------+

Top non-repeatable levels by time:
     D:3: 1647 daAuts
     D:2: 1052 daAuts
     D:1: 857 daAuts
     D:4: 596 daAuts
